 Dungeon Sprint DCSS version 0.24-a0-277-g67e6301 (webtiles) character file.

Game seed: 8758063153067251088

13314 stupendous the End of an Era (level 12, -13/85 HPs)
             Began as a Formicid Fighter on Apr 29, 2019.
             Was the Champion of Qazlal.
             Killed from afar by an ogre mage (24 damage)
             ... with a bolt of lightning
             ... in the Dungeon (Sprint IX: "|||||||||||||||||||||||||||||").
             The game lasted 00:08:09 (2840 turns).

stupendous the End of an Era (Formicid Fighter)     Turns: 2840, Time: 00:08:14

Health: -13/85     AC: 12    Str: 23    XL:     12   Next: 31%
Magic:  19/29      EV: 11    Int:  5    God:    Qazlal [******]
Gold:   1100       SH: 19    Dex: 14    Spells: 11/11 levels left

rFire    . . .     SeeInvis +   q - +2 scimitar (holy)
rCold    + . .     Gourm    .   c - +0 shield
rNeg     . . .     Faith    .   b - +0 scale mail
rPois    .         Spirit   .   (helmet unavailable)
rElec    +         Reflect  .   r - +0 cloak
rCorr    .         Harm     .   B - +0 pair of gloves
MR       +....                  (no boots)
Stlth    ..........             (no amulet)
HPRegen  0.24/turn              t - +2 ring of evasion
MPRegen  0.21/turn              (no ring)

@: protected from electricity, repel missiles
A: permanent stasis, dig shafts and tunnels, four strong arms, antennae 3,
iridescent scales 1, rugged brown scales 1, cold resistance 1, dopey 1
a: Dig, Upheaval, Elemental Force, Disaster Area, Renounce Religion


You were in the Dungeon.
You worshipped Qazlal.
Qazlal was exalted by your worship.
You were not hungry.

You visited 1 branch You collected 1100 gold pieces.

Inventory:

Hand Weapons
 q - a +2 scimitar of holy wrath (weapon)
 D - a +0 vampiric scimitar
 E - a +1 scimitar of distortion
Armour
 b - a +0 scale mail (worn)
 c - a +0 shield (worn)
 r - a +0 cloak (worn)
 A - a +0 cloak
 B - a +0 pair of gloves (worn)
 C - a +0 plate armour
Jewellery
 s - a +3 ring of intelligence
 t - a +2 ring of evasion (left hand)
Wands
 p - a wand of acid (10)
Scrolls
 k - 3 scrolls of blinking
 n - 4 scrolls of remove curse
 o - 2 scrolls of amnesia
 u - 2 scrolls of enchant weapon
 v - a scroll of identify
 w - a scroll of fear
 y - a scroll of enchant armour
 z - a scroll of fog
Potions
 d - a potion of might
 e - 7 potions of curing
 g - 2 potions of heal wounds
 h - a potion of haste
 i - 4 potions of magic
 j - a potion of berserk rage
 l - a potion of mutation
 m - a potion of invisibility
Miscellaneous
 x - a phial of floods
Comestibles
 f - 11 rations


   Skills:
 - Level 4.1 Fighting
 - Level 14.0 Long Blades
 - Level 4.1 Armour
 - Level 8.0 Shields
 + Level 26.0 Invocations


You had 11 spell levels left.
You didn't know any spells.
Your spell library was empty.

Dungeon Overview and Level Annotations

Branches:
Dungeon (1/1)

Altars:
Cheibriados
Dithmenos
Elyvilon
Fedhas
Gozag
Hepliaklqana
Kikubaaqudgha
Makhleb
Nemelex Xobeh
Okawaru
Qazlal
Ru
Sif Muna
Trog
Uskayaw
Vehumet
Wu Jian
Xom
Yredelemnul
Zin
The Shining One
Beogh
Jiyva
Lugonu

Shops:
D *}?%


Innate Abilities, Weirdness & Mutations

You cannot be hasted, slowed, berserked, paralysed or teleported.
You can dig through walls and to a lower floor.
Your four strong arms can wield two-handed weapons with a shield.
You have a pair of large antennae on your head. (SInv)
You are partially covered in iridescent scales. (AC +2)
You are partially covered in rugged brown scales. (AC +1, +3% HP)
Your flesh is cold resistant. (rC+)
You are dopey. (Int -2)


Message History

You slash the ogre mage!
The ogre mage is severely wounded.
The ogre mage gestures at you while chanting.
You resist with some effort.
Your scale mail prevents you from hitting the ogre mage.
The ogre mage is severely wounded.
You block the ogre mage's attack.
You hit the ogre mage.
The ogre mage is severely wounded.
You block the ogre mage's attack.
You hit the ogre mage.
The ogre mage is almost dead.
The ogre mage hits you but does no damage.
Your scale mail prevents you from hitting the ogre mage.
The ogre mage is severely wounded.
The ogre mage casts a spell at you. The bolt of lightning hits you!!
Your resistance to physical damage fades away.
You feel protected from electricity.
You die... { {{{{{{{{{{{{{{{

▓▓▓▓▓▓▓▓▓▓▓▓▓▓▓▓▓▓▓▓▓▓▓▓
)))........)))))@OO∩$∩.∩{{{{{
▓▓▓▓▓▓▓▓▓▓▓▓▓▓▓▓▓▓▓▓▓▓▓▓▓▓▓▓▓▓▓▓▓
...).............................
▓▓▓▓▓▓▓▓▓▓▓▓▓▓▓▓▓▓▓▓▓▓▓▓▓▓▓▓▓▓▓▓▓
..††÷.......÷...÷....[...'..[..[.
▓▓▓▓▓▓▓▓▓▓▓▓▓▓▓▓▓▓▓▓▓▓▓▓▓▓▓▓▓▓▓▓▓
.................................
▓▓▓▓▓▓▓▓▓▓▓▓▓▓▓▓▓▓▓▓▓▓▓▓▓▓▓▓▓▓▓▓▓
____________'..|).[[..)))....')..


You could see an ogre mage and an ogre.

Vanquished Creatures
  Josephine (D)
  An ogre mage (D)
  6 two-headed ogres (D)
  A hydra (D)
  An orc high priest (D)
  2 black mambas (D)
  3 spiny frogs (D)
  5 polar bears (D)
  A slime creature (D)
  A hippogriff (D)
  3 wraiths (D)
  2 yaks (D)
  2 water moccasins (D)
  3 porcupines (D)
  14 orc warriors (D)
  3 black bears (D)
  4 ogres (D)
  A necrophage (D)
  A crocodile (D)
  A big kobold (D)
  5 bullfrogs (D)
  2 wights (D)
  2 orc priests (D)
  2 orc wizards (D)
  An adder skeleton (D)
  9 orcs (D)
  A bat skeleton (D)
  A bat zombie (D)
  A giant cockroach (D)
  A quokka (D)
  A goblin (D)
  A jackal zombie (D)
  2 kobolds (D)
  A quokka skeleton (D)
  A quokka zombie (D)
  A rat (D)
88 creatures vanquished.

Notes
Turn   | Place    | Note
-------+----------+-------------------------------------------
     0 | D        | stupendous the Formicid Fighter began the quest for the
                  | Orb.
     0 | D        | Reached XP level 1. HP: 18/18 MP: 1/1
    31 | D        | Reached XP level 2. HP: 16/25 MP: 2/2
   151 | D        | Found a roughly hewn altar of Beogh.
   151 | D        | Found a snail-covered altar of Cheibriados.
   151 | D        | Found a shadowy altar of Dithmenos.
   151 | D        | Found a white marble altar of Elyvilon.
   151 | D        | Found a blossoming altar of Fedhas.
   151 | D        | Found an opulent altar of Gozag.
   152 | D        | Found a hazy altar of Hepliaklqana.
   153 | D        | Found a viscous altar of Jiyva.
   154 | D        | Found an ancient bone altar of Kikubaaqudgha.
   155 | D        | Found a corrupted altar of Lugonu.
   156 | D        | Found a burning altar of Makhleb.
   157 | D        | Found a sparkling altar of Nemelex Xobeh.
   158 | D        | Found an iron altar of Okawaru.
   159 | D        | Found a stormy altar of Qazlal.
   160 | D        | Found a sacrificial altar of Ru.
   161 | D        | Found a deep blue altar of Sif Muna.
   162 | D        | Found a bloodstained altar of Trog.
   163 | D        | Found a hide-covered altar of Uskayaw.
   164 | D        | Found a radiant altar of Vehumet.
   165 | D        | Found an ornate altar of the Wu Jian Council.
   166 | D        | Found a shimmering altar of Xom.
   167 | D        | Became a worshipper of Qazlal Stormbringer
   168 | D        | Found a basalt altar of Yredelemnul.
   169 | D        | Found a glowing silver altar of Zin.
   170 | D        | Found a glowing golden altar of the Shining One.
   204 | D        | Noticed a necrophage
   204 | D        | Noticed a wight
   204 | D        | Noticed a big kobold
   204 | D        | Noticed a yak
   214 | D        | Killed a necrophage
   214 | D        | Reached XP level 3. HP: 30/30 MP: 3/3
   214 | D        | Reached XP level 4. HP: 37/37 MP: 4/4
   215 | D        | Reached XP level 5. HP: 42/42 MP: 5/5
   226 | D        | Reached * piety under Qazlal
   245 | D        | Killed a big kobold
   245 | D        | Reached skill level 4 in Invocations
   245 | D        | Reached XP level 6. HP: 21/48 MP: 5/9
   260 | D        | Killed a yak
   260 | D        | Reached skill level 10 in Long Blades
   260 | D        | Reached skill level 7 in Invocations
   261 | D        | Reached ** piety under Qazlal
   479 | D        | Noticed a water moccasin
   479 | D        | Noticed a slime creature
   498 | D        | Killed a water moccasin
   498 | D        | Reached skill level 8 in Invocations
   498 | D        | Reached XP level 7. HP: 20/54 MP: 7/13
   511 | D        | Killed a slime creature
   511 | D        | Reached skill level 10 in Invocations
   517 | D        | Reached *** piety under Qazlal
   760 | D        | Gained mutation: Your flesh is cold resistant. (rC+)
                  | [potion of mutation]
   760 | D        | Gained mutation: You are dopey. (Int -2) [potion of
                  | mutation]
   760 | D        | Gained mutation: You are partially covered in rugged brown
                  | scales. (AC +1, +3% HP) [potion of mutation]
   760 | D        | Gained mutation: You are partially covered in iridescent
                  | scales. (AC +2) [potion of mutation]
   774 | D        | Noticed a spiny frog
   782 | D        | Noticed a hippogriff
   795 | D        | Killed a spiny frog
   795 | D        | Reached skill level 11 in Invocations
   795 | D        | Reached XP level 8. HP: 27/61 MP: 14/16
   805 | D        | Reached skill level 12 in Invocations
   810 | D        | Reached **** piety under Qazlal
   823 | D        | Killed a hippogriff
   823 | D        | Reached skill level 13 in Invocations
   823 | D        | Reached XP level 9. HP: 19/66 MP: 13/18
  1049 | D        | Noticed a black mamba
  1074 | D        | Killed a black mamba
  1074 | D        | Reached skill level 14 in Invocations
  1295 | D        | Noticed a spiny frog
  1295 | D        | Noticed a black mamba
  1295 | D        | Noticed a spiny frog
  1296 | D        | Noticed a seven-headed hydra
  1302 | D        | Killed a spiny frog
  1302 | D        | Reached skill level 15 in Invocations
  1305 | D        | Killed a black mamba
  1305 | D        | Reached ***** piety under Qazlal
  1305 | D        | Reached skill level 16 in Invocations
  1306 | D        | Killed a spiny frog
  1306 | D        | Reached skill level 17 in Invocations
  1306 | D        | Reached XP level 10. HP: 73/73 MP: 12/22
  1308 | D        | Killed a seven-headed hydra
  1308 | D        | Reached skill level 18 in Invocations
  1449 | D        | Reached skill level 19 in Invocations
  1501 | D        | Reached skill level 20 in Invocations
  1504 | D        | Reached ****** piety under Qazlal
  1872 | D        | Noticed Josephine
  1877 | D        | Reached XP level 11. HP: 61/79 MP: 20/25
  1884 | D        | Killed Josephine
  1884 | D        | Reached skill level 21 in Invocations
  2130 | D        | Reached skill level 22 in Invocations
  2170 | D        | Noticed an orc high priest
  2174 | D        | Noticed a soul eater
  2180 | D        | Killed an orc high priest
  2504 | D        | Reached skill level 23 in Invocations
  2776 | D        | Found Xoulurept's General Store.
  2776 | D        | Noticed a two-headed ogre
  2776 | D        | Noticed a two-headed ogre
  2776 | D        | Noticed a two-headed ogre
  2781 | D        | Noticed a two-headed ogre
  2785 | D        | Killed a two-headed ogre
  2787 | D        | Noticed a two-headed ogre
  2793 | D        | Killed a two-headed ogre
  2793 | D        | Reached skill level 24 in Invocations
  2793 | D        | Killed a two-headed ogre
  2794 | D        | Killed a two-headed ogre
  2794 | D        | Reached skill level 25 in Invocations
  2794 | D        | Reached XP level 12. HP: 29/85 MP: 15/28
  2794 | D        | Killed a two-headed ogre
  2796 | D        | Found Foinerch's Gadget Shoppe.
  2804 | D        | Found Jozouco's Magic Scroll Emporium.
  2804 | D        | Noticed a two-headed ogre
  2807 | D        | Noticed an ogre mage
  2817 | D        | Noticed an ogre mage
  2820 | D        | Killed a two-headed ogre
  2821 | D        | Found Vaucs's Food Shoppe.
  2831 | D        | Killed an ogre mage
  2831 | D        | Reached skill level 26 in Invocations
  2840 | D        | Killed from afar by an ogre mage

Levels and vault maps discovered:
D:        linesprint [early_d, line_temple, items_1, d_10, items_2, lair_1,
          lair_end, items_3, orc_1, orc_end, items_4, d_15, swamp_1, shoals_1,
          snake_1, spider_1, d_20, vaults_1, items_5, swamp_end, shoals_end,
          snake_end, spider_end, vaults_end, d_27, items_6, zot_1, zot_end,
          crypt_end, forest_end, elf_end, slime_end, tomb_end, abyss_end,
          pan_hell_end]

Skill      XL: |  1  2  3  4  5  6  7  8  9 10 11 12 |
---------------+-------------------------------------+-----
Shields        | 4 7 8 |  8.0
Fighting       | 4 |  4.1
Armour         | 4 |  4.1
Long Blades    | 6 8 10 12 13 14 | 14.0
Invocations    | 4 8 11 13 17 20 25 26 | 26.0

Action                   |  1- 3 |  4- 6 |  7- 9 | 10-12 || total
-------------------------+-------+-------+-------+-------++-------
Melee: Long sword        |    34 |    60 |    78 |   108 ||   280
       Scimitar          |       |       |       |   247 ||   247
Invok: Upheaval          |       |     1 |     6 |     9 ||    16
  Use: Potion            |       |     2 |     4 |     1 ||     7
  Eat: Chunk             |       |       |     1 |     6 ||     7
Armor: Scale mail        |    16 |     7 |     8 |    64 ||    95
Dodge: Dodged            |     9 |    12 |    19 |    55 ||    95
Block: Shield            |     6 |    26 |    45 |   232 ||   309
       Rpst.: Long sword |     3 |     3 |     6 |     2 ||    14
       Scimitar          |       |       |       |     7 ||     7

Table legend:
 A = Non-vault XP
 B = Vault XP
 C = Vault XP percentage of total XP
 D = Non-vault monster count
 E = Vault monster count
 F = Vault count percentage of total count
                 A         B        C        D         E       F
            +---------+---------+-------+---------+---------+-------
      Total |       0 |   19021 | 100.0 |       0 |      88 | 100.0
            +---------+---------+-------+---------+---------+-------
          D |       0 |   19021 | 100.0 |       0 |      88 | 100.0
            +---------+---------+-------+---------+---------+-------
